 Dungeon Crawl Stone Soup version 0.21-a0-538-gd16b88a (webtiles) character file.

60 slep the Chopper (level 3, -5/27 HPs)
             Began as a Demonspawn Gladiator on Dec 16, 2017.
             Killed from afar by an orc wizard (6 damage)
             ... with a magic dart
             ... on level 2 of the Dungeon.
             The game lasted 00:02:39 (717 turns).

slep the Chopper (Demonspawn Gladiator)              Turns: 717, Time: 00:02:40

Health: -5/27      AC:  6    Str: 14    XL:     3   Next: 80%
Magic:  3/3        EV: 12    Int:  9    God:
Gold:   70         SH:  4    Dex: 15    Spells: 2/2 levels left

rFire    . . .     SeeInvis .   a - +0 war axe
rCold    . . .     Gourm    .   (no shield)
rNeg     . . .     Faith    .   i - +0 ring mail
rPois    .         Spirit   .   c - +0 helmet
rElec    .         Reflect  .   (no cloak)
rCorr    .         Harm     .   (no gloves)
MR       .....                  (no boots)
Stlth    +.........             (no amulet)
HPRegen  0.09/turn              (no ring)
MPRegen  0.08/turn              (no ring)

@: slowed, very slow
A: large bone plates 1
a: no special abilities


You were on level 2 of the Dungeon.
You were not hungry.

You visited 1 branch of the dungeon, and saw 2 of its levels.

You collected 70 gold pieces.

Inventory:

Hand Weapons
 a - a +0 war axe (weapon)
Missiles
 d - 3 throwing nets (quivered)
Armour
 b - a +0 leather armour
 c - a +0 helmet (worn)
 i - a +0 ring mail (worn)
Scrolls
 e - 2 scrolls of amnesia {unknown}
 g - a scroll of identify {unknown}
 h - 2 scrolls of enchant weapon {unknown}
 k - a scroll of enchant armour {unknown}
Potions
 j - 3 potions of curing {unknown}
 l - a potion of mutation {unknown}
Comestibles
 f - a bread ration
 m - a fruit


   Skills:
 + Level 2.3 Fighting
 + Level 3.6 Axes
 + Level 1.9 Throwing
 + Level 0.4 Armour
 + Level 3.1 Dodging


You had 2 spell levels left.
You didn't know any spells.

Dungeon Overview and Level Annotations

Branches:
Dungeon (2/15)

Altars:


Innate Abilities, Weirdness & Mutations

You are partially covered in large bone plates. (SH +4)


Message History

You feel as though you will be slow longer.
The orc wizard hits you with a dagger.
* * * LOW HITPOINT WARNING * * *
The orc wizard closely misses you.
You miss the orc wizard.
The orc wizard is heavily wounded.
The orc wizard casts a spell at you. The magic dart hits you!
The orc wizard closely misses you. You block the orc wizard's attack.
You barely miss the orc wizard.
The orc wizard is heavily wounded.
The orc wizard hits you but does no damage.
The orc wizard gestures at you while chanting.
The magic dart hits you!
* * * LOW HITPOINT WARNING * * *
The orc wizard gestures wildly while chanting.
The orc wizard blinks!
The orc wizard gestures at you while chanting.
The magic dart hits you!
You die...

# #.###### #.####
#.#....## ......
.......# ......
#.....##......
#....>........
#[............
#.."...$......
#####..).@.......
#.......)........
#.##$..)....(.....
#.#.#..........
#.#.##..o##....
#..............
###............
#.....[...#
.####..†......#


You could see an orc wizard.

Vanquished Creatures
  An orc wizard (D:2)
  A worm (D:2)
  A dart slug (D:1)
  2 orcs (D:2)
  7 goblins
  6 hobgoblins (D:1)
  3 bats
  4 kobolds (D:1)
  2 rats (D:1)
27 creatures vanquished.

Notes
Turn   | Place    | Note
-------+----------+-------------------------------------------
     0 | D:1      | slep the Demonspawn Gladiator began the quest for the Orb.
     0 | D:1      | Reached XP level 1. HP: 16/16 MP: 1/1
    46 | D:1      | Gained mutation: You are partially covered in large bone plates. (SH +4) [demonic ancestry]
    46 | D:1      | Reached XP level 2. HP: 22/22 MP: 2/2
   681 | D:2      | Reached XP level 3. HP: 23/27 MP: 3/3
   716 | D:2      | HP: 1/27 [orc wizard/magic dart (5)]
   717 | D:2      | Killed from afar by an orc wizard

Vault maps used:
D:1:      minmay_arrival_arboretum_small, nrook_uturn

Skill      XL: |  1  2 |
---------------+-------+-----
Axes           | 3 |  3.6
Dodging        | 3 |  3.1
Fighting       | |  2.3
Throwing       | |  1.9
Armour         | |  0.4

Action                   || total
-------------------------++-------
Melee: War axe           ||    65
Armor: Leather armour    ||     3
       Ring mail         ||    27
Dodge: Dodged            ||    28
Block: Other             ||    18

Table legend:
 A = Spawn XP
 B = Non-spawn XP
 C = Spawn XP percentage of total XP
 D = Spawn monster count
 E = Non-spawn monster count
 F = Spawn count percentage of total count
 G = Total turns spent on level
                    A         B        C        D         E        F      G
               +---------+---------+-------+---------+---------+-------+---------
         Total |       0 |      86 |   0.0 |       0 |      27 |   0.0 |   717
               +---------+---------+-------+---------+---------+-------+---------
           D:1 |       0 |      36 |   0.0 |       0 |      20 |   0.0 |   649
           D:2 |       0 |      50 |   0.0 |       0 |       7 |   0.0 |    68
               +---------+---------+-------+---------+---------+-------+---------
